 Dungeon Crawl Stone Soup version 0.23.2-40-g277498a001 (webtiles) character file.

Game seed: 7019741277057573660

380 Emblim88 the Vexing (level 6, -12/47 HPs)
             Began as a Gnoll Arcane Marksman on Sept 18, 2019.
             Was an Initiate of Dithmenos.
             Engulfed by a cloud of flame (21 damage)
             ... on level 3 of the Dungeon.
             The game lasted 00:12:14 (2006 turns).

Emblim88 the Vexing (Gnoll Arcane Marksman)         Turns: 2006, Time: 00:12:14

Health: -12/47     AC:  4    Str: 13    XL:     6   Next: 75%
Magic:  10/11      EV: 15    Int: 15    God:    Dithmenos [......]
Gold:   126        SH:  0    Dex: 17    Spells: 6/12 levels left

rFire    . . .     SeeInvis .   a - +0 hand crossbow
rCold    . . .     Gourm    .   (no shield)
rNeg     . . .     Faith    .   m - +1 robe {MR+}
rPois    .         Spirit   .   (no helmet)
rElec    .         Reflect  .   (no cloak)
rCorr    .         Harm     .   (no gloves)
MR       +....                  k - +0 pair of boots
Stlth    ++........             (no amulet)
HPRegen  0.15/turn              (no ring)
MPRegen  0.12/turn              (no ring)

@: no status effects
A: distributed training, fangs 1, strong nose
a: Renounce Religion


You were on level 3 of the Dungeon.
You worshipped Dithmenos.
Dithmenos was noncommittal.
You were not hungry.

You visited 1 branch of the dungeon, and saw 3 of its levels.

You collected 126 gold pieces.

Inventory:

Hand Weapons
 a - a +0 hand crossbow (weapon)
 n - a +3 dagger of venom
Missiles
 d - 28 bolts (quivered)
Armour
 e - a +1 robe
 k - a +0 pair of boots (worn)
 m - a +1 robe of magic resistance (worn)
Scrolls
 b - a scroll of enchant armour
 c - a scroll of fear
 g - a scroll of remove curse
 i - a scroll of teleportation
 p - a scroll of enchant weapon {unknown}
 q - a scroll of identify
Potions
 h - a potion of magic {unknown}
 j - a potion of degeneration {unknown}
 l - a potion of cancellation {unknown}
Comestibles
 f - 8 rations
 o - a chunk of flesh


   Skills:
 + Level 3.3 Fighting
 + Level 2.0 Short Blades
 + Level 2.0 Long Blades
 + Level 2.0 Axes
 + Level 2.0 Maces & Flails
 + Level 2.0 Polearms
 + Level 2.0 Staves
 + Level 2.0 Slings
 + Level 2.0 Bows
 + Level 5.0 Crossbows
 + Level 2.0 Throwing
 + Level 2.0 Armour
 + Level 5.0 Dodging
 + Level 2.0 Stealth
 + Level 2.0 Shields
 + Level 2.0 Unarmed Combat
 + Level 3.5 Spellcasting
 + Level 1.6 Conjurations
 + Level 5.7 Hexes
 + Level 1.6 Charms
 + Level 1.6 Summonings
 + Level 1.6 Necromancy
 + Level 1.6 Translocations
 + Level 1.6 Transmutations
 + Level 1.6 Fire Magic
 + Level 1.6 Ice Magic
 + Level 1.6 Air Magic
 + Level 1.6 Earth Magic
 + Level 1.6 Poison Magic
 + Level 2.2 Invocations
 + Level 2.0 Evocations


You had 6 spell levels left.
You knew the following spells:

 Your Spells              Type           Power        Failure   Level  Hunger
a - Corona                Hex            ###....      1%          1    None
b - Slow                  Hex            ###.....     2%          2    ##.....
c - Inner Flame           Hex/Fire       ##......     13%         3    ###....

Your spell library contained the following spells:

 Spells                   Type           Power        Failure   Level  Hunger
 Portal Projectile        Hex/Tloc       ##....       13%         3    ###....
 Cause Fear               Hex            ###.......   19%         4    ####...
 Leda's Liquefaction      Hex/Erth       ##........   38%         4    ####...


Dungeon Overview and Level Annotations

Branches:
Dungeon (3/15)

Altars:
Dithmenos
Ru


Innate Abilities, Weirdness & Mutations

Your experience applies equally to all skills.
You have very sharp teeth.
Your uncanny sense of smell can sniff out nearby items.


Message History

The jackal barely misses you. The jackal closely misses you.
The jackal bites you. The jackal closely misses you. The jackal bites you.
The jackal misses you.
The jackal bites you but does no damage.
The jackal completely misses you.
Firing (i - inventory)
d - 29 bolts (quivered)
Press: ? - help, Shift-Dir - straight line, f/p - jackal
Aim: a jackal (almost dead, inner flame)
You shoot a bolt. The bolt hits the jackal!
The jackal explodes!
The fiery explosion engulfs you!!!
Ouch! That really hurt!
* * * LOW HITPOINT WARNING * * *
The fiery explosion engulfs the jackal!!
You kill the jackal!
Dithmenos accepts your kill. x2
You are engulfed in blazing flames.
You die...

################## #####
.................# #...######
.........#.§.....# #.........
..........§§@....# #.........
#........#§§§....# #.........
....#....#.<.....###...######
... #....#........#..........
. ###.......%...#....######
#..#........#.......... ...
#..#>.............#..## ....
#..########.#.....#..#
hh...#...........#.#.#.#..#


There were no monsters in sight!

Vanquished Creatures
  Sigmund (D:2)
  2 orc wizards (D:2)
  Natasha (thrice) (D:2)
  2 adders (D:2)
  2 oozes
  4 dart slugs
  A leopard gecko (D:2)
  2 orcs (D:2)
  A ball python (D:2)
  7 goblins
  6 hobgoblins
  8 jackals
  4 kobolds
  4 bats
  7 frilled lizards
  5 rats
59 creatures vanquished.

Notes
Turn   | Place    | Note
-------+----------+-------------------------------------------
     0 | D:1      | Emblim88 the Gnoll Arcane Marksman began the quest for the
                  | Orb.
     0 | D:1      | Reached XP level 1. HP: 17/17 MP: 4/4
    29 | D:1      | Reached XP level 2. HP: 23/23 MP: 5/5
   317 | D:1      | Reached XP level 3. HP: 28/28 MP: 7/7
   653 | D:2      | Reached skill level 1 in Invocations
   711 | D:2      | Found a sacrificial altar of Ru.
   728 | D:2      | Reached skill level 1 in Short Blades
   728 | D:2      | Reached skill level 1 in Long Blades
   728 | D:2      | Reached skill level 1 in Axes
   728 | D:2      | Reached skill level 1 in Maces & Flails
   728 | D:2      | Reached skill level 1 in Polearms
   728 | D:2      | Reached skill level 1 in Staves
   728 | D:2      | Reached skill level 1 in Slings
   728 | D:2      | Reached skill level 1 in Bows
   728 | D:2      | Reached skill level 1 in Throwing
   728 | D:2      | Reached skill level 1 in Armour
   728 | D:2      | Reached skill level 1 in Stealth
   728 | D:2      | Reached skill level 1 in Shields
   728 | D:2      | Reached skill level 1 in Unarmed Combat
   728 | D:2      | Reached skill level 1 in Evocations
   728 | D:2      | Reached XP level 4. HP: 32/34 MP: 8/8
   745 | D:2      | Noticed Natasha
   748 | D:2      | Killed Natasha
   837 | D:2      | Noticed Natasha
   840 | D:2      | Killed Natasha
   840 | D:2      | Reached skill level 1 in Conjurations
   840 | D:2      | Reached skill level 1 in Charms
   840 | D:2      | Reached skill level 1 in Summonings
   840 | D:2      | Reached skill level 1 in Necromancy
   840 | D:2      | Reached skill level 1 in Translocations
   840 | D:2      | Reached skill level 1 in Transmutations
   840 | D:2      | Reached skill level 1 in Fire Magic
   840 | D:2      | Reached skill level 1 in Ice Magic
   840 | D:2      | Reached skill level 1 in Air Magic
   840 | D:2      | Reached skill level 1 in Earth Magic
   840 | D:2      | Reached skill level 1 in Poison Magic
   840 | D:2      | Reached XP level 5. HP: 40/40 MP: 9/9
   907 | D:2      | Noticed Natasha
   913 | D:2      | Killed Natasha
  1383 | D:2      | Noticed Sigmund
  1534 | D:2      | Killed Sigmund
  1534 | D:2      | Reached skill level 5 in Crossbows
  1534 | D:2      | Reached skill level 5 in Dodging
  1534 | D:2      | Reached XP level 6. HP: 30/47 MP: 9/11
  1681 | D:2      | Became a worshipper of Ru the Awakened
  1826 | D:3      | Learned a level 2 spell: Slow
  1830 | D:3      | Learned a level 3 spell: Inner Flame
  1907 | D:3      | Found a shadowy altar of Dithmenos.
  1922 | D:3      | Fell from the grace of Ru
  1922 | D:3      | Became a worshipper of Dithmenos the Shadowed
  2006 | D:3      | Engulfed by a cloud of flame

Skill      XL: |  1  2  3  4  5 |
---------------+----------------+-----
Invocations    | 1 2 |  2.2
Short Blades   | 1 2 |  2.0
Long Blades    | 1 2 |  2.0
Axes           | 1 2 |  2.0
Maces & Flails | 1 2 |  2.0
Polearms       | 1 2 |  2.0
Staves         | 1 2 |  2.0
Slings         | 1 2 |  2.0
Bows           | 1 2 |  2.0
Throwing       | 1 2 |  2.0
Armour         | 1 2 |  2.0
Stealth        | 1 2 |  2.0
Shields        | 1 2 |  2.0
Unarmed Combat | 1 2 |  2.0
Evocations     | 1 2 |  2.0
Spellcasting   | 3 |  3.5
Conjurations   | 1 |  1.6
Charms         | 1 |  1.6
Summonings     | 1 |  1.6
Necromancy     | 1 |  1.6
Translocations | 1 |  1.6
Transmutations | 1 |  1.6
Fire Magic     | 1 |  1.6
Ice Magic      | 1 |  1.6
Air Magic      | 1 |  1.6
Earth Magic    | 1 |  1.6
Poison Magic   | 1 |  1.6
Fighting       | 3 |  3.3
Crossbows      | 5 |  5.0
Dodging        | 5 |  5.0
Hexes          | |  5.7

Action                   |  1- 3 |  4- 6 || total
-------------------------+-------+-------++-------
 Fire: Hand crossbow     |    65 |    80 ||   145
 Cast: Corona            |       |     5 ||     5
       Inner Flame       |       |     3 ||     3
  Use: Scroll            |       |     5 ||     5
  Eat: Ration            |       |     1 ||     1
Armor: Robe              |     3 |     3 ||     6
Dodge: Dodged            |    20 |    25 ||    45
